 Dungeon Crawl Stone Soup version 0.30.1-11-g7821555f0a (webtiles) character file.

Game seed: 10853635462489868542

677 Okkudo the Trooper (level 7, -2/63 HPs)
             Began as a Hill Orc Fighter on Nov 27, 2023.
             Slain by a gnoll sergeant
             ... wielding a +0 spear of flaming
              (3 damage)
             ... on level 5 of the Dungeon.
             The game lasted 00:14:22 (4398 turns).

Okkudo the Trooper (Hill Orc Fighter)               Turns: 4398, Time: 00:14:23

Health: -2/63      AC: 15    Str: 21    XL:     7   Next: 60%
Magic:  7/7        EV:  3    Int:  8    God:
Gold:   187        SH:  0    Dex: 16    Spells: 6/6 levels left

rFire   . . .        a - +1 war axe
rCold   . . .        c - +0 buckler
rNeg    . . .        w - +0 plate armour
rPois   +            (no helmet)
rElec   .            b - scarf {harm}
rCorr   .            v - +2 pair of gloves
SInv    .            (no boots)
Will    .....        (no amulet) Stlth
                     p - +6 ring of dexterity
HPRegen 0.30/turn    r - ring of poison resistance
MPRegen 0.10/turn

%: harm (+30% outgoing, +20% incoming)
@: held
A: no striking features
a: no special abilities


You were on level 5 of the Dungeon.
You visited 1 branch of the dungeon, and saw 5 of its levels.

You collected 187 gold pieces.

Inventory:

Hand Weapons
 a - a +1 war axe (weapon)
Armour
 b - a scarf of harm (worn)
 c - a +0 buckler (worn)
 v - a +2 pair of gloves (worn)
 w - a +0 plate armour (worn)
Jewellery
 p - a +6 ring of dexterity (left hand)
 r - a ring of poison resistance (right hand)
 u - a ring of flight
Wands
 x - a wand of polymorph (7)
Scrolls
 f - a scroll of poison
 g - 2 scrolls of amnesia
 h - a scroll of brand weapon
 o - 2 scrolls of fear
 q - a scroll of enchant armour {unknown}
 s - a scroll of enchant weapon
 t - a scroll of silence
Potions
 d - 2 potions of might
 i - a potion of attraction
 j - 2 potions of heal wounds {unknown}
 l - a potion of haste
 m - a potion of mutation
 n - a potion of lignification


   Skills:
 + Level 6.0 Fighting
 + Level 5.8 Axes
 + Level 5.5 Armour
 + Level 5.4 Shields


You had 6 spell levels left.
You didn't know any spells.
Your spell library was empty.

Dungeon Overview and Level Annotations

Branches:
Dungeon (5/15)             Temple (0/1) D:5

Altars:
Ashenzari

Shops:
D:4 *

Annotations:
D:5 2 transporters


Message History

The gnoll sergeant burns you.
You closely miss the gnoll. The gnoll hits you but does no damage.
The gnoll sergeant hits you from afar with a +0 spear of flaming.
The gnoll sergeant burns you.
The gnoll hits you but does no damage. x2
You block the gnoll's attack.
The gnoll sergeant completely misses you.
You hit the gnoll.
The gnoll is moderately wounded.
The gnoll hits you from afar with a +0 halberd!
* * * LOW HITPOINT WARNING * * *
You block the gnoll's attack. The gnoll sergeant barely misses you.
You closely miss the gnoll.
The gnoll is moderately wounded.
You block the gnoll's attack. The gnoll hits you but does no damage.
The gnoll sergeant hits you but does no damage.
You barely miss the gnoll.
The gnoll is moderately wounded.
The gnoll hits you from afar with a +0 halberd.
* * * LOW HITPOINT WARNING * * *
The gnoll hits you with a +0 whip.
* * * LOW HITPOINT WARNING * * *
You block the gnoll sergeant's attack.
Really read the scroll of immolation?
Uppercase [Y]es or [N]o only, please.
Really read the scroll of immolation?
As you read the scroll of immolation, it crumbles to dust.
The creatures around you are filled with an inner flame!
You block the gnoll's attack. x2; You block the gnoll sergeant's attack.
The gnoll attacks as you move away! The gnoll barely misses you.
The gnoll throws a throwing net.
The throwing net hits you.
You become entangled in the net!
You see here a throwing net.
You struggle against the net.
You struggle against the net.
The gnoll barely misses you.
The gnoll sergeant completely misses you.
You struggle against the net.
The gnoll hits you but does no damage.
The gnoll sergeant hits you from afar with a +0 spear of flaming.
* * * LOW HITPOINT WARNING * * *
The gnoll sergeant burns you.
You die... ##### #.?.# #...# ## ggg

≈# #.≈ ##g## ≈#
#.≈##≈g≈##≈# ##
#.≈≈≈≈@≈≈≈≈# ##.
##.........## ##..
.^.........# #...
.#.........# #..(
#.......>.# #...
...........###########..
......................<.
.#.........##########...
##.......## #...


You could see a gnoll sergeant (inner flame) and 4 gnolls.

Vanquished Creatures
  An ice beast (D:5)
  An ogre (D:5)
  A phantom (D:5)
  2 scorpions (D:5)
  A hound (D:5)
  A sleepcap (D:5)
  Jessica (D:2)
  An iguana (D:4)
  2 orc wizards (D:3)
  2 gnolls (D:5)
  5 adders
  A worm (D:4)
  A dart slug (D:2)
  11 orcs
  7 bats
  7 endoplasms
  3 giant cockroaches
  7 goblins
  7 hobgoblins
  3 jackals (D:1)
  3 quokkas
  5 ball pythons
  3 frilled lizards
  7 kobolds
  2 rats
85 creatures vanquished.

Notes
Turn   | Place    | Note
-------+----------+-------------------------------------------
     0 | D:1      | Okkudo the Hill Orc Fighter began the quest for the Orb.
     0 | D:1      | Reached XP level 1. HP: 19/19 MP: 1/1
    54 | D:1      | Reached XP level 2. HP: 18/27 MP: 2/2
   688 | D:1      | Reached skill level 4 in Fighting
   963 | D:2      | Reached XP level 3. HP: 33/33 MP: 3/3
   974 | D:2      | Found a faded altar of an unknown god.
  1305 | D:2      | Noticed Jessica
  1312 | D:2      | Killed Jessica
  1313 | D:2      | Reached XP level 4. HP: 17/40 MP: 4/4
  2151 | D:3      | Reached XP level 5. HP: 23/47 MP: 5/5
  2926 | D:4      | Reached skill level 5 in Fighting
  2971 | D:4      | Found Icicuem's Overcharged Wands.
  3275 | D:4      | Reached XP level 6. HP: 47/56 MP: 6/6
  3737 | D:5      | Entered Level 5 of the Dungeon
  3831 | D:5      | Found a transporter.
  3837 | D:5      | Found a transporter.
  3846 | D:5      | Noticed an orc warrior
  3846 | D:5      | Noticed a yak
  3848 | D:5      | Found a broken altar of Ashenzari.
  3888 | D:5      | Noticed an ice beast
  3898 | D:5      | Killed an ice beast
  3899 | D:5      | Reached skill level 5 in Axes
  3910 | D:5      | Reached skill level 5 in Armour
  3910 | D:5      | Reached skill level 5 in Shields
  3910 | D:5      | Reached XP level 7. HP: 40/61 MP: 7/7
  4078 | D:5      | Found a staircase to the Ecumenical Temple.
  4135 | D:5      | Reached skill level 6 in Fighting
  4150 | D:5      | HP: 2/63 [ice beast (9)]
  4398 | D:5      | HP: 1/63 [gnoll sergeant/+0 spear of flaming (7)]
  4398 | D:5      | Slain by a gnoll sergeant

Illustrated notes

Levels and vault maps discovered:
D:1:      onia_arrival_mini_spirals, layout_basic
D:2:      minmay_spotlight, layout_loops_corners,
          ebering_ecumenical_altar_abandoned, uniq_jessica
D:3:      layout_loops_ring, minmay_circle_x
D:4:      layout_layer_cave, nicolae_shop_overcharged_wands
D:5:      layout_rooms, gammafunk_temple_overflow_arena,
          minmay_temple_entry_waves, roderic_roman_lattice, lightli_minifort

Skill      XL: |  1  2  3  4  5  6  7 |
---------------+----------------------+-----
Axes           | 3 4 5 |  5.8
Fighting       | 4 5 6 |  6.0
Shields        | 4 5 |  5.4
Armour         | 4 5 |  5.5

Action                     |  1- 3 |  4- 6 |  7- 9 || total
---------------------------+-------+-------+-------++-------
  Melee: War axe           |    75 |   160 |    37 ||   272
    Use: Potion            |       |     1 |       ||     1
         Scroll            |       |    12 |     2 ||    14
 Armour: Scale mail        |    37 |    60 |       ||    97
         Chain mail        |       |     7 |       ||     7
         Plate armour      |       |    17 |    48 ||    65
  Dodge: Dodged            |    38 |    56 |    25 ||   119
  Block: Buckler           |    25 |    34 |    26 ||    85
